 Dungeon Crawl Stone Soup version 0.30.1-9-gdf580d7c3d (webtiles) character file.

Game seed: 5730352419242492375

103300 rendel the Warrior (level 16, -4/110 HPs)
             Began as a Gargoyle Fighter on Oct 19, 2023.
             Was the Champion of Cheibriados.
             Slain by a +6 glaive of freezing (13 damage)
             ... on level 2 of the Elven Halls on Oct 21, 2023.
             The game lasted 00:50:48 (17279 turns).

rendel the Warrior (Gargoyle Fighter)              Turns: 17279, Time: 00:50:49

Health: -4/110     AC: 36    Str: 47    XL:     16   Next: 35%
Magic:  11/23      EV: 18    Int: 24    God:    Cheibriados [******]
Gold:   1490       SH: 14    Dex: 27    Spells: 18/23 levels left

rFire   + + .        u - +5 war axe "Noheall" {drain, rPois Stlth+}
rCold   . . .        c - +0 buckler
rNeg    + . .        h - +1 chain mail of Misanthropy {rF++ Regen+ Dex+3}
rPois   ∞            (helmet restricted)
rElec   +            S - +2 cloak
rCorr   .            B - +0 pair of gloves
SInv    .            q - +0 pair of boots
Will    +....        K - amulet of reflection
Stlth   +            b - +4 ring of protection
HPRegen 1.18/turn    Q - +6 ring of strength
MPRegen 0.18/turn

%: reflection
@: flying, studying 2 skills, very slow
A: sickness immunity, AC +12, big wings, negative energy resistance 1,
electricity resistance, torment resistance 1, petrification resistance, beak,
weak 1, no potion heal 1, inability to read after injury 1
a: Renounce Religion, Bend Time, Temporal Distortion, Slouch, Step From Time


You were on level 2 of the Elven Halls.
You worshipped Cheibriados.
Cheibriados was exalted by your worship.
You visited 3 branches of the dungeon, and saw 19 of its levels.
You visited the Abyss 1 time.

You collected 1694 gold pieces.
You spent 204 gold pieces at shops.

Inventory:

Hand Weapons
 t - the +4 hand axe of Inquiry {holy, SInv}
   (You found it on level 3 of the Dungeon)

   SInv:      It lets you see invisible.
 u - the +5 war axe "Noheall" (weapon) {drain, rPois Stlth+}
   (You found it on level 5 of the Dungeon)

   rPois:     It protects you from poison.
   Stlth:     It makes you more stealthy.
Missiles
 r - 39 poisoned darts
 L - 3 atropa-tipped darts
Armour
 c - a +0 buckler (worn)
 h - the +1 chain mail of Misanthropy (worn) {rF++ Regen+ Dex+3}
   (You found it on level 1 of the Orcish Mines)

   Dex:       It affects your dexterity (+3).
   rF:        It greatly protects you from fire.
   Regen:     It increases your rate of health regeneration.
 q - a +0 pair of boots (worn)
 B - a +0 pair of gloves (worn)
 S - a +2 cloak (worn)
Jewellery
 b - a +4 ring of protection (left hand)
 p - an amulet of the acrobat
 E - the ring of Disaster {rC+ Dex+6}
   (You found it on level 8 of the Dungeon)

   [ring of dexterity]

   Dex:       It affects your dexterity (+6).
   rC:        It protects you from cold.
 K - an amulet of reflection (around neck)
 Q - a +6 ring of strength (right hand)
Wands
 a - a wand of acid (5)
 i - a wand of polymorph (8)
 o - a wand of flame (25)
 s - a wand of roots (42)
 D - a wand of digging (5)
 J - a wand of paralysis (9)
Scrolls
 e - a scroll of fog (quivered)
 j - a scroll of teleportation
 k - 7 scrolls of noise
 l - a scroll of enchant weapon
 v - a scroll of blinking
 w - 6 scrolls of poison
 x - a scroll of magic mapping
 y - 2 scrolls of identify
 z - a scroll of vulnerability {unknown}
 F - 2 scrolls of amnesia
 G - a scroll of summoning {unknown}
Potions
 d - 2 potions of attraction
 f - 3 potions of flight
 g - 8 potions of curing
 m - a potion of cancellation {unknown}
 n - 3 potions of ambrosia
 C - 2 potions of brilliance
 H - 3 potions of magic
 M - a potion of degeneration
 O - a potion of might
 R - 2 potions of haste
Miscellaneous
 A - a phantom mirror


   Skills:
 + Level 16.0 Fighting
 + Level 14.2(14.4) Axes
 - Level 3.3(10.6) Maces & Flails
 + Level 12.2 Armour
 + Level 8.8 Dodging
 + Level 12.0 Shields
 * Level 4.1 Spellcasting
 * Level 4.2 Hexes
 - Level 10.0 Invocations


You had 18 spell levels left.
You knew the following spells:

 Your Spells              Type           Power      Damage    Failure   Level
a - Silence               Hex/Air        7%         N/A       94%         5

Your spell library contained the following spells:

 Spells                   Type           Power      Damage    Failure   Level
 Confusing Touch          Hex            25%        N/A       11%         3
 Ensorcelled Hibernation  Hex/Ice        30%        N/A       14%         2
 Apportation              Tloc           8%         N/A       22%         1
 Beastly Appendage        Tmut           8%         N/A       22%         1
 Freeze                   Ice            16%        1d4       22%         1
 Kiss of Death            Conj/Necr      16%        2d6       22%         1
 Magic Dart               Conj           16%        1d3       22%         1
 Passwall                 Tmut/Erth      3%         N/A       32%         2
 Searing Ray              Conj           8%         2d4       32%         2
 Wereblood                Tmut           4%         N/A       32%         2
 Frozen Ramparts          Ice            8%         1d2       54%         3
 Hailstorm                Conj/Ice       4%         3d4       54%         3
 Spider Form              Tmut/Pois      4%         N/A       54%         3
 Swiftness                Air            4%         N/A       54%         3
 Fulminant Prism          Conj/Hex       7%         3d7       65%         4
 Dispel Undead            Necr           4%         3d7       91%         4
 Passage of Golubria      Tloc           4%         N/A       91%         4
 Petrify                  Tmut/Erth      4%         N/A       91%         4
 Summon Ice Beast         Ice/Summ       4%         N/A       91%         4
 Summon Mana Viper        Hex/Summ       15%        N/A       94%         5
 Alistair's Intoxication  Tmut/Pois      2%         N/A       99%         5
 Irradiate                Conj/Tmut      2%         3d12      99%         5
 Monstrous Menagerie      Summ           2%         N/A       100%        7
 Borgnjor's Revivificati  Necr           2%         N/A       100%        8
 Lehudib's Crystal Spear  Conj/Erth      2%         10d2      100%        8
 Necromutation            Tmut/Necr      2%         N/A       100%        8
 Chain Lightning          Conj/Air       2%         3d2       100%        9
 Death's Door             Necr           2%         N/A       100%        9
 Fire Storm               Conj/Fire      2%         8d1       100%        9
 Shatter                  Erth           2%         3d6*      100%        9
 Sublimation of Blood     Necr           Unusable   N/A       N/A         2

Dungeon Overview and Level Annotations

Branches:
Dungeon (14/15)            Temple (0/1) D:5            Lair (0/5) D:11
    Orc (2/2) D:10            Elf (3/3) Orc:2        Vaults (0/5) D:14

Altars:
Ashenzari
Cheibriados
Elyvilon
Fedhas
Gozag
Hepliaklqana
Kikubaaqudgha
Makhleb
Nemelex Xobeh
Okawaru
Sif Muna
Uskayaw
Vehumet
Wu Jian
Yredelemnul
Zin
The Shining One

Shops:
D:11 (   Orc:2 *?(((

Annotations:
D:3 1 runed translucent door, Tali's ghost, amateur DsCK
Elf:1 3 runed translucent doors


Innate Abilities, Weirdness & Mutations

You are immune to sickness and miasma.
Your stone body is resilient. (AC +12)
You are immune to poison.
Your large and strong wings let you fly.
You resist negative energy. (rN+)
You are resistant to electric shocks. (rElec)
You are resistant to unholy torment.
You are immune to petrification.
You have a beak for a mouth.
You are weak. (Str -2)
Potions are less effective at restoring your health.
You occasionally lose the ability to read scrolls when taking damage.


Message History

The deep elf knight wields a +0 shortbow.
The deep elf knight shoots an arrow.
The arrow hits you.
The +6 glaive of freezing hits you from afar!!
* * * LOW HITPOINT WARNING * * *
The +6 glaive of freezing freezes you.
* * * LOW HITPOINT WARNING * * *
You block the +5 heavy halberd's attack.
You barely miss the +5 heavy halberd.
The +5 heavy halberd is severely damaged.
The deep elf knight casts a spell.
The deep elf knight flickers and vanishes!
Deactivating autopickup; reactivate with Ctrl-A.
You hear a bow twang.
An arrow appears from out of thin air!
The arrow hits you but does no damage.
The +6 glaive of freezing hits you from afar.
* * * LOW HITPOINT WARNING * * *
The +6 glaive of freezing freezes you.
* * * LOW HITPOINT WARNING * * *
You slash the +5 heavy halberd!
The +5 heavy halberd falls from the air.
Cheibriados appreciates the change of pace.
You hear some strange, mumbled words.
A shard of ice appears from out of thin air!
The shard of ice misses you.
The +6 glaive of freezing hits you from afar!
* * * LOW HITPOINT WARNING * * *
The +6 glaive of freezing freezes you.
* * * LOW HITPOINT WARNING * * *
Your Fighting skill increases to level 16!
You fail to use your ability.
You block the +6 glaive of freezing's attack.
You step out of the flow of time.
You return to the normal time flow.
Unknown command.
A +3 battleaxe of venom comes into view.
The +3 battleaxe of venom moves out of view.
You see here a +5 heavy halberd.
Okay, then.
A +6 glaive of freezing is nearby!
The +6 glaive of freezing hits you from afar!
You die...

## ### ##### ##### ##.#
##.####.#.## ##.#.###
.##...##.).##.....###.....##
........))))............)...
.......))#).................
.......)###@................
.......## ##...............#
....... #..(..............
....... #..................
....... ....................
....... ....................
....... ...................
...................
............)......


You could see a +6 glaive of freezing.

Vanquished Creatures
  Rupert (D:13)
  A deep elf sorcerer (Elf:1)
  A deep elf elementalist (Elf:1)
  An orc warlord (Orc:1)
  Nessos (D:12)
  A deep elf annihilator (Elf:1)
  A deep elf demonologist (Elf:1)
  Azrael (Orc:2)
  Snorg (D:12)
  An ettin (Orc:1)
  A deep elf high priest (Elf:1)
  A yaktaur captain (D:14)
  4 ogre magi (Orc:2)
  13 two-headed ogres (Orc:2)
  4 centaur warriors
  A tengu warrior (D:14)
  A boulder beetle (D:13)
  2 orc high priests (Orc:1)
  18 dancing weapons
  A thrashing horror (Abyss:3)
  9 deep elf knights
  A wretched star (Abyss:3)
  5 skeletal warriors (D:13)
  A death drake (shapeshifter) (D:13)
  12 deep elf archers
  22 deep elf pyromancers
  A wizard (D:14)
  15 deep elf zephyrmancers
  An orc knight (Orc:1)
  20 ugly things
  3 cyclopes
  2 manticores
  4 orc sorcerers
  A large abomination (Abyss:3)
  An elephant (D:11)
  Joseph (D:8)
  2 yaktaurs (D:14)
  A komodo dragon (D:11)
  2 unseen horrors
  A tengu conjurer (D:14)
  9 trolls
  The ghost of ababab the Vexing, a novice FeEn (D:6)
  A raiju (Abyss:3)
  A tarantella (shapeshifter) (Elf:1)
  3 water elementals
  5 air elementals
  6 slime creatures (D:13)
  35 yaks
  A shadow (D:12)
  A yak (shapeshifter) (D:14)
  A vampire (D:11)
  A wraith (D:10)
  Eustachio (D:6)
  6 fire elementals
  3 wyverns
  9 vampire mosquitoes
  A human (D:10)
  A steam dragon (D:9)
  A chaos spawn (Abyss:3)
  A warg (Orc:1)
  A water moccasin (D:6)
  2 acid dragons (D:11)
  A naga (shapeshifter) (D:13)
  Duvessa (D:5)
  4 hell hounds (Orc:2)
  25 orc warriors
  4 sky beasts
  2 ice beasts
  3 black bears
  28 ogres
  21 centaurs
  5 bullfrogs
  2 kobold brigands
  2 earth elementals (Elf:1)
  A gnoll sergeant (D:7)
  6 scorpions
  9 wights
  4 killer bees (D:7)
  Dowan (D:5)
  7 electric eels
  8 howler monkeys
  A jelly (D:8)
  13 orc priests
  3 hounds
  8 starcursed masses (Abyss:3)
  Jessica (D:3)
  2 sleepcaps (D:7)
  3 iguanas
  16 orc wizards
  4 gnolls (D:7)
  8 adders
  2 river rats (D:6)
  A shadow imp (D:4)
  A white imp (D:5)
  2 worms (D:2)
  A dart slug (D:4)
  63 orcs
  5 ball pythons
  8 bats
  9 endoplasms
  A giant cockroach (D:1)
  6 goblins
  10 hobgoblins
  4 jackals (D:1)
  4 quokkas
  5 frilled lizards
  17 kobolds
  6 rats
590 creatures vanquished.

Vanquished Creatures (others)
  A deep elf knight (Elf:1)
  2 deep elf pyromancers
  A yak (D:12)
  An orc wizard (D:6)
5 creatures vanquished.

Grand Total: 595 creatures vanquished

Notes
Turn   | Place    | Note
-------+----------+-------------------------------------------
     0 | D:1      | rendel the Gargoyle Fighter began the quest for the Orb.
     0 | D:1      | Reached XP level 1. HP: 14/14 MP: 1/1
   123 | D:1      | Reached XP level 2. HP: 19/19 MP: 2/2
   321 | D:1      | Reached XP level 3. HP: 24/24 MP: 3/3
   330 | D:1      | Found a faded altar of an unknown god.
   565 | D:1      | Reached skill level 4 in Fighting
  1117 | D:2      | Reached XP level 4. HP: 29/29 MP: 4/4
  2202 | D:3      | Found a runed translucent door.
  2344 | D:3      | Noticed Jessica
  2363 | D:3      | Killed Jessica
  2364 | D:3      | Reached skill level 1 in Axes
  2364 | D:3      | Reached XP level 5. HP: 34/34 MP: 5/5
  2434 | D:3      | Identified the +4 hand axe of Inquiry {holy, SInv}
  2481 | D:3      | Found a radiant altar of Vehumet.
  2700 | D:3      | Noticed Tali's ghost (amateur DsCK)
  2851 | D:4      | Reached skill level 1 in Dodging
  2939 | D:4      | Reached skill level 5 in Fighting
  2939 | D:4      | Reached XP level 6. HP: 24/40 MP: 3/6
  3224 | D:4      | Found a burning altar of Makhleb.
  3254 | D:4      | Found an ornate altar of the Wu Jian Council.
  3300 | D:4      | Found a snail-covered altar of Cheibriados.
  3307 | D:4      | Became a worshipper of Cheibriados the Contemplative
  3624 | D:4      | Noticed a blizzard demon
  3628 | D:4      | Noticed a hellwing
  3628 | D:4      | Noticed a hellwing
  3717 | D:5      | Entered Level 5 of the Dungeon
  3735 | D:5      | Identified the +5 war axe "Noheall" {drain, rPois Stlth+}
  3749 | D:5      | Noticed Dowan
  3752 | D:5      | Noticed Duvessa
  3761 | D:5      | Reached XP level 7. HP: 43/44 MP: 5/7
  3768 | D:5      | Killed Duvessa
  3768 | D:5      | Reached * piety under Cheibriados
  3921 | D:5      | Killed Dowan
  4008 | D:5      | Found an iron altar of Okawaru.
  4014 | D:5      | Reached skill level 6 in Fighting
  4044 | D:5      | Found a broken altar of Ashenzari.
  4327 | D:5      | Found a staircase to the Ecumenical Temple.
  4584 | D:6      | Reached skill level 5 in Armour
  4584 | D:6      | Reached skill level 5 in Shields
  4584 | D:6      | Reached XP level 8. HP: 52/52 MP: 8/8
  4584 | D:6      | Found a runed translucent door.
  4590 | D:6      | Noticed ababab's ghost (novice FeEn)
  4633 | D:6      | Killed ababab's ghost
  4634 | D:6      | Reached skill level 7 in Fighting
  4642 | D:6      | Found a runed translucent door.
  4655 | D:6      | Found an ancient bone altar of Kikubaaqudgha.
  4655 | D:6      | Found a shimmering blue altar of Sif Muna.
  4678 | D:6      | Found a white marble altar of Elyvilon.
  4776 | D:6      | Reached XP level 9. HP: 56/57 MP: 7/9
  4821 | D:6      | Reached ** piety under Cheibriados
  4827 | D:6      | Found a basalt altar of Yredelemnul.
  4827 | D:6      | Noticed Eustachio
  4829 | D:6      | Noticed a profane servitor
  4837 | D:6      | Killed Eustachio
  4838 | D:6      | Reached skill level 5 in Axes
  4881 | D:6      | Found a glowing golden altar of the Shining One.
  4883 | D:6      | Noticed an angel
  5023 | D:6      | Reached skill level 8 in Fighting
  5052 | D:6      | Reached skill level 1 in Invocations
  5166 | D:6      | Found a sparkling altar of Nemelex Xobeh.
  5596 | D:7      | Killed an unseen horror
  5709 | D:7      | Reached *** piety under Cheibriados
  6005 | D:8      | Found an opulent altar of Gozag.
  6011 | D:8      | Reached XP level 10. HP: 62/65 MP: 9/11
  6138 | D:8      | Identified the ring of Disaster {rC+ Dex+6}
  6221 | D:8      | Reached skill level 9 in Fighting
  6294 | D:8      | Found a hazy altar of Hepliaklqana.
  6334 | D:8      | Noticed Joseph
  6361 | D:8      | Killed Joseph
  6830 | D:9      | Reached **** piety under Cheibriados
  7218 | D:9      | Reached skill level 10 in Fighting
  7232 | D:9      | Reached XP level 11. HP: 72/72 MP: 14/14
  7261 | D:9      | Found a hide-covered altar of Uskayaw.
  7530 | D:9      | Reached ***** piety under Cheibriados
  7776 | D:10     | Entered Level 10 of the Dungeon
  7985 | D:10     | Reached skill level 5 in Dodging
  8395 | D:10     | Reached skill level 5 in Invocations
  8521 | D:10     | Found a staircase to the Orcish Mines.
  8611 | D:10     | Found a glowing silver altar of Zin.
  8921 | D:11     | Reached skill level 11 in Fighting
  9031 | D:11     | Found a staircase to the Lair.
  9204 | D:11     | Reached XP level 12. HP: 62/80 MP: 16/16
  9649 | D:11     | Found Ajegokol's Weapon Emporium.
 10565 | D:12     | Reached ****** piety under Cheibriados
 10572 | D:12     | Noticed Nessos
 10577 | D:12     | Noticed Snorg
 10584 | D:12     | Killed Nessos
 10585 | D:12     | Reached skill level 12 in Fighting
 10596 | D:12     | Killed Snorg
 10746 | D:12     | Found a blossoming altar of Fedhas.
 10770 | D:12     | You fall into a shaft and drop 2 floors!
 10777 | D:14     | Noticed a yaktaur captain
 10778 | D:14     | Found a gate to the Vaults.
 10789 | D:14     | HP: 2/81 [yaktaur captain/bolt (9)]
 10789 | D:14     | Killed a yaktaur captain
 11135 | D:14     | Noticed a centaur warrior
 11140 | D:14     | Killed a centaur warrior
 11141 | D:14     | Reached XP level 13. HP: 84/87 MP: 18/18
 11201 | D:13     | Reached skill level 10 in Axes
 11243 | D:13     | Noticed Rupert
 11249 | D:13     | Paralysed by Rupert for 2 turns
 11257 | D:13     | Killed Rupert
 11375 | D:13     | Reached skill level 13 in Fighting
 11501 | D:13     | Found a transporter.
 12410 | D:14     | Reached skill level 10 in Shields
 12443 | D:14     | Reached skill level 10 in Armour
 12889 | D:14     | Gained mutation: Your large and strong wings let you fly.
                  | [Gargoyle growth]
 12889 | D:14     | Reached XP level 14. HP: 95/95 MP: 18/20
 13264 | Orc:1    | Entered Level 1 of the Orcish Mines
 13535 | D:10     | Identified a scroll of acquirement
 13535 | D:10     | Acquired a manual of Axes
 13539 | D:10     | Gained mutation: You are weak. (Str -2) [potion of
                  | mutation]
 13539 | D:10     | Gained mutation: You have a beak for a mouth. [potion of
                  | mutation]
 13620 | Orc:1    | Reached skill level 14 in Fighting
 13708 | Orc:1    | You are sucked into a shaft and drop 1 floor!
 13708 | Orc:2    | Entered Level 2 of the Orcish Mines
 13708 | Orc:2    | Found Metwuc's Overcharged Wands.
 13710 | Orc:2    | Found a staircase to the Elven Halls.
 13822 | Orc:1    | Noticed an orc warlord
 13840 | Orc:1    | Killed an orc warlord
 13841 | Orc:1    | Gained mutation: Potions are less effective at restoring
                  | your health. [a neqoxec]
 13842 | Orc:1    | Gained mutation: You occasionally lose the ability to read
                  | scrolls when taking damage. [a neqoxec]
 13855 | Orc:1    | Identified the +1 chain mail of Misanthropy {rF++ Regen+
                  | Dex+3}
 14246 | Orc:2    | Noticed Azrael
 14253 | Orc:2    | Killed Azrael
 14411 | Orc:2    | Paralysed by an ogre mage for 4 turns
 14580 | Orc:2    | Found Jepn's Magic Scroll Emporium.
 14580 | Orc:2    | Found Huptoz's Weapon Shop.
 14581 | Orc:2    | Found Ilait's Antique Weapon Shop.
 14581 | Orc:2    | Found Ciofuan's Antique Weapon Shoppe.
 15034 | Orc:2    | Bought a runed hand axe for 204 gold pieces
 15215 | Elf:1    | Entered Level 1 of the Elven Halls
 15215 | Elf:1    | Noticed a deep elf sorcerer
 15215 | Elf:1    | Noticed a deep elf annihilator
 15215 | Elf:1    | Found a runed translucent gate.
 15215 | Elf:1    | Found a runed translucent gate.
 15215 | Elf:1    | Found a runed translucent gate.
 15215 | Elf:1    | Found a runed translucent gate.
 15215 | Elf:1    | Found a runed translucent gate.
 15215 | Elf:1    | Found a runed translucent gate.
 15216 | Elf:1    | Found a runed translucent door.
 15218 | Elf:1    | Found a runed translucent door.
 15223 | Elf:1    | Reached skill level 15 in Fighting
 15224 | Elf:1    | Reached XP level 15. HP: 99/103 MP: 21/21
 15318 | Elf:1    | Noticed a deep elf elementalist
 15325 | Elf:1    | Killed a deep elf elementalist
 15384 | Elf:1    | HP: 4/103 [deep elf archer/arrow (21)]
 15446 | Abyss:2  | Cast into level 2 of the Abyss (a deep elf demonologist)
 15490 | Abyss:3  | Found a corrupted altar of Lugonu.
 15582 | Elf:1    | Escaped the Abyss
 15608 | Elf:1    | Learned a level 5 spell: Silence
 16065 | Elf:1    | Killed a deep elf sorcerer
 16196 | Elf:2    | Paralysed by an air elemental for 1 turns
 16201 | Elf:2    | Reached skill level 1 in Hexes
 16202 | Elf:2    | Reached skill level 1 in Spellcasting
 16407 | Elf:2    | Paralysed by an air elemental for 1 turns
 16456 | Elf:3    | Entered Level 3 of the Elven Halls
 16519 | Elf:2    | Reached skill level 10 in Invocations
 16522 | Elf:2    | Reached XP level 16. HP: 110/110 MP: 23/23
 16686 | Elf:2    | Found a runed translucent gate.
 16687 | Elf:2    | Found a runed translucent gate.
 16691 | Elf:2    | Found a runed translucent gate.
 16952 | Elf:2    | Acquired a manual of Armour
 17051 | Elf:2    | HP: 3/110 [something/shard of ice (26)]
 17275 | Elf:2    | HP: 2/110 [+6 glaive of freezing (5)]
 17276 | Elf:2    | Reached skill level 16 in Fighting
 17279 | Elf:2    | Slain by a +6 glaive of freezing

Illustrated notes

Levels and vault maps discovered:
D:1:      heliophobic_arrival_dark_side_of_the_moon, layout_loops_ring,
          shapermc_ecumenical_altar_mp_urbaneastern,
          minmay_misc_feat_four_crosses
D:2:      layout_basic
D:3:      layout_loops_ring, old_standard_altar, ebering_ghost_reflecting_pool,
          serial_bayou_pond_d, lemuel_flame_loot_1, uniq_jessica
D:4:      layout_loops_ring, makhleb_altar_promises_db,
          mainiacjoe_overflow_catch_the_wave
D:5:      layout_loops_ring, old_standard_altar, okawaru_gym_becter,
          minmay_temple_entry_grid, minmay_misc_feat_x, uniq_duvessa
D:6:      layout_rooms, grunt_temple_overflow_holy_war,
          chequers_temple_overflow_statue_of_worship,
          nemelex_diamond_rough_becter, ebering_ghost_sewer_f, uniq_eustachio
D:7:      layout_basic
D:8:      layout_loops_ring, nicolae_gozag_cash_rules_everything_around_me,
          nicolae_hepliaklqana_hazy_memory, roderic_serpentine_path, uniq_joseph
D:9:      layout_loops_ring, kennysheep_mini, chequers_serial_rivers_small_3
D:10:     layout_cave_pods, zin_academy, erik_orc_4, bh_walls_and_bars
D:11:     statuecave_lemuel, layout_stronghold, david_lair_generic,
          serial_shops, kennysheep_little_box, nicolae_wwwww,
          minmay_crystal_water
D:12:     layout_basic, fedhas_ov_isle_minmay, uniq_snorg, uniq_nessos
D:13:     layout_loops_corners, nicolae_diode_basic, uniq_rupert
D:14:     layout_basic, david_vaults_2, serial_park_gazebo
          [serial_park_minivault_5x5_2]
Orc:1:    layout_caves, elf_legates
Orc:2:    st_orc_ogre_mass, layout_caves, enter_volcano_1,
          nicolae_shop_overcharged_wands, uniq_azrael
Elf:1:    nicolae_elf_arrival_dilemma, layout_loops_cross, minivault_28
Elf:2:    elven_hall_of_blades_hangedman_original
          [nicolae_blade_entry_floor_patterns], layout_onion_city
Elf:3:    minmay_elf_hall_furrowed, layout_geoelf_octagon, serial_shops,
          bzr_in_the_mist, nicolae_shop_hallway_plus,
          nicolae_book_shop_shelving, minivault_4

Skill      XL: |  1  2  3  4  5  6  7  8  9 10 11 12 13 14 15 16 |
---------------+-------------------------------------------------+-----
Fighting       | 4 5 6 7 8 10 11 12 13 15 16 | 16.0
Axes           | 1 2 3 4 6 7 8 9 11 13 14 | 14.2
Shields        | 4 5 6 7 8 9 10 11 12 | 12.0
Armour         | 4 5 6 7 8 9 10 11 12 | 12.2
Dodging        | 1 2 3 4 5 6 7 8 |  8.8
Invocations    | 2 4 5 6 8 9 10 | 10.0
Hexes          | 3 4 |  4.2
Spellcasting   | 2 4 |  4.1
Maces & Flails | 3 |  3.3

Action                     |  1- 3 |  4- 6 |  7- 9 | 10-12 | 13-15 | 16-18 || total
---------------------------+-------+-------+-------+-------+-------+-------++-------
  Melee: Flail             |    23 |       |       |       |       |       ||    23
         Hand axe          |    94 |   170 |       |       |    56 |       ||   320
         War axe           |       |    10 |   149 |   459 |   677 |    87 ||  1382
         Peck              |       |       |       |       |   106 |    22 ||   128
  Throw: Boomerang         |       |     3 |       |     2 |       |       ||     5
         Dart              |       |       |       |     4 |       |       ||     4
 Invoke: Bend Time         |       |       |     1 |     1 |     1 |       ||     3
         Temporal Distorti |       |       |       |     1 |       |       ||     1
         Slouch            |       |       |       |     4 |     4 |       ||     8
         Step From Time    |       |       |       |     1 |       |     3 ||     4
    Use: Scroll            |       |     6 |     2 |     1 |    14 |     1 ||    24
         Potion            |       |     1 |       |     3 |    10 |       ||    14
 Armour: Scale mail        |    63 |       |       |       |       |       ||    63
         Chain mail        |       |   119 |    52 |       |   298 |    47 ||   516
         Plate armour      |       |       |    40 |   285 |   101 |       ||   426
  Dodge: Dodged            |    52 |    87 |    54 |   225 |   459 |    55 ||   932
  Block: Buckler           |    24 |    46 |    39 |   262 |   550 |    58 ||   979
         Reflection        |       |       |       |    28 |    61 |     4 ||    93
